 Dungeon Crawl Stone Soup version 0.30.0-20-g3615ddf2f0 (webtiles) character file.

Game seed: 5774343931811334978

20918 qw the Cleaver (level 12, -23/76 HPs)
             Began as a Gargoyle Fighter on May 29, 2023.
             Was a High Priest of Okawaru.
             Annihilated by Rupert
             ... wielding a +0 great mace of holy wrath
              (30 damage)
             ... on level 3 of the Lair of Beasts.
             The game lasted 00:05:54 (10849 turns).

qw the Cleaver (Gargoyle Fighter)                  Turns: 10849, Time: 00:05:55

Health: -23/76     AC: 29    Str: 28    XL:     12   Next: 84%
Magic:  14/19      EV: 15    Int:  9    God:    Okawaru [*****.]
Gold:   970        SH: 17    Dex:  9    Spells: 11/11 levels left

rFire   + . .        Y - +2 war axe (elec)
rCold   + . .        z - +0 kite shield
rNeg    + . .        k - +4 chain mail of the Crypt {rF+}
rPois   inf          g - +0 helmet
rElec   +            u - +0 cloak
rCorr   .            (no gloves)
SInv    .            r - +0 pair of boots "Duxzeh Mian" {Str+3}
Will    .....        n - amulet of reflection Stlth
                     e - +5 ring of evasion
HPRegen 0.32/turn    a - ring of protection from cold
MPRegen 0.16/turn

%: reflection
@: about to teleport, heroic, finesse-ful
A: sickness immunity, AC +8, negative energy resistance 1, electricity
resistance, torment resistance 1, petrification resistance
a: Renounce Religion, Heroism, Finesse, Duel


You were on level 3 of the Lair of Beasts.
You worshipped Okawaru.
Okawaru was extremely pleased with you.
You visited 3 branches of the dungeon, and saw 14 of its levels.

You collected 1115 gold pieces.
You spent 145 gold pieces at shops.


Innate Abilities, Weirdness & Mutations

You are immune to sickness and miasma.
Your stone body is resilient. (AC +8)
You are immune to poison.
You resist negative energy. (rN+)
You are resistant to electric shocks. (rElec)
You are resistant to unholy torment.
You are immune to petrification.


   Skills:
 - Level 9.0(14.0) Fighting
 - Level 12.0(17.0) Axes
 - Level 4.0(9.0) Throwing
 - Level 7.0(12.0) Armour
 - Level 2.0(7.0) Dodging
 + Level 10.2(15.2) Shields
 - Level 10.0 Invocations


You had 11 spell levels left.
You didn't know any spells.
Your spell library was empty.

Inventory:

Hand Weapons
 b - a +0 morningstar
 Y - a +2 war axe of electrocution (weapon)
Missiles
 v - 3 boomerangs
 y - a javelin (quivered)
Armour
 g - a +0 helmet (worn)
 k - the +4 chain mail of the Crypt (worn) {rF+}
   (You acquired it on level 2 of the Dungeon)

   rF:        It protects you from fire.
 r - the +0 pair of boots "Duxzeh Mian" (worn) {Str+3}
   (You found it on level 4 of the Dungeon)

   Str:       It affects your strength (+3).
 u - a +0 cloak (worn)
 z - a +0 kite shield (worn)
Jewellery
 a - a ring of protection from cold (right hand)
 e - a +5 ring of evasion (left hand)
 l - a ring of ice
 n - an amulet of reflection (around neck)
Wands
 c - a wand of digging (9)
Scrolls
 s - 4 scrolls of identify
Potions
 d - 2 potions of might
 f - a potion of attraction
 h - 8 potions of heal wounds
 i - 7 potions of curing
 j - 2 potions of haste
 m - 2 potions of cancellation
 p - a potion of lignification
 q - 4 potions of magic
 w - a potion of resistance
 x - a potion of mutation
 A - a potion of brilliance {unknown}

Dungeon Overview and Level Annotations

Branches:
Dungeon (10/15)            Temple (1/1) D:5            Lair (3/5) D:10
 Shoals (0/4) Lair:2        Snake (0/4) Lair:3          Orc (0/2) D:9

Altars:
Ashenzari
Cheibriados
Dithmenos
Elyvilon
Gozag
Hepliaklqana
Kikubaaqudgha
Makhleb
Nemelex Xobeh
Okawaru
Qazlal
Ru
Sif Muna
Trog
Uskayaw
Vehumet
Wu Jian
Xom
Yredelemnul
Zin
The Shining One

Shops:
D:5 *

Annotations:
D:2 1 runed translucent door, Crazy Yiuf
D:7 1 runed translucent door, qw's ghost, novice GrFi
Lair:3 Rupert


Message History

You closely miss Rupert.
A water moccasin comes into view.
You barely miss Rupert.
A wolf comes into view.
Rupert hits you but does no damage.
You barely miss Rupert.
The wolf howls!
You hit the wolf but do no damage. You block the wolf's attack.
Rupert closely misses you.
You slice Rupert!!
Rupert is lightly wounded.
You hit the wolf. You slash Rupert!
Rupert is lightly wounded.
You closely miss the wolf. You block the wolf's attack.
You block Rupert's attack.
You barely miss Rupert.
Rupert is lightly wounded.
You slash the wolf! Lightning courses through the wolf!!
You kill the wolf!
Okawaru accepts your kill.
You slash Rupert!
Rupert is moderately wounded.
Rupert hits you with a +0 great mace of holy wrath.
The wolf howls!
You hit Rupert.
Rupert is moderately wounded.
You hit Rupert. Lightning courses through Rupert!
Rupert is moderately wounded.
Rupert barely misses you.
You slice Rupert!!
Rupert is heavily wounded.
You slash Rupert!
Rupert is heavily wounded.
Rupert hits you with a +0 great mace of holy wrath!!
10849 ||| READING scroll of teleportation.
As you read the scroll of teleportation, it crumbles to dust.
You feel strangely unstable.
Rupert hits you with a +0 great mace of holy wrath!!
You die...

P.......................
##.#..>.####............
#....## ##...#.#.....
#.....## ############
#P.....## ###...#.#
##....## #..%%..##
#...##@%(..#
.......h@%....#
.~~...S.......#
~~~..........P.#
~~......h......#
~....7##......P# ....
##....... ... .......


You could see Rupert (berserk), a water moccasin and 2 wolves.

Vanquished Creatures
  Pikel (D:5)
  A manticore (D:9)
  3 elephants (Lair:1)
  4 black mambas
  3 gargoyles (D:10)
  2 kobold demonologists (D:10)
  4 cane toads
  A komodo dragon (D:10)
  2 rime drakes (Lair:2)
  A troll (D:9)
  3 blink frogs (Lair:1)
  A snapping turtle (Lair:2)
  Prince Ribbit (D:6)
  Sigmund (D:6)
  A human (D:9)
  3 wyverns
  A basilisk (Lair:2)
  28 yaks
  A steam dragon (D:10)
  A warg (D:9)
  4 vampire mosquitoes (D:10)
  A naga (Lair:3)
  4 water moccasins
  A black bear (D:5)
  7 orc warriors
  A sky beast (D:7)
  2 ice beasts
  2 ogres
  30 wolves
  2 centaurs
  A lemure (D:5)
  6 kobold brigands
  7 bullfrogs
  3 gnoll sergeants
  3 scorpions
  7 wights
  3 howler monkeys (D:5)
  An electric eel (Lair:1)
  7 hounds
  A jelly (D:8)
  15 orc priests
  2 gnoll boudas
  An iron imp (D:3)
  A sleepcap (D:4)
  Jessica (D:2)
  6 iguanas
  11 orc wizards
  8 adders
  20 gnolls
  A shadow imp (D:8)
  A white imp (D:7)
  3 ufetubi
  A worm (D:2)
  5 dart slugs
  49 orcs
  2 bats
  10 endoplasms
  4 giant cockroaches
  7 goblins
  6 hobgoblins
  4 jackals (D:4)
  13 kobolds
  A quokka (D:2)
  6 ball pythons
  A frilled lizard (D:2)
  3 rats
338 creatures vanquished.

Notes
Turn   | Place    | Note
-------+----------+-------------------------------------------
     0 | D:1      | qw the Gargoyle Fighter began the quest for the Orb.
     0 | D:1      | Reached XP level 1. HP: 14/14 MP: 1/1
     0 | D:1      | 0 ||| qw: Version: 0.2-a-101-gf424e7f
     0 | D:1      | 0 ||| qw: Game counter: 349
     0 | D:1      | 0 ||| qw: Always use a shield: true
     0 | D:1      | 0 ||| qw: God list: Okawaru
     0 | D:1      | 0 ||| qw: Allow faded altars: false
     0 | D:1      | 0 ||| qw: Do Orc after D:15 true
     0 | D:1      | 0 ||| qw: Do second Lair branch before Depths: true
     0 | D:1      | 0 ||| qw: Lair rune preference: random
     0 | D:1      | 0 ||| qw: Plans: Normal, Zot:1-4, Slime:5, God:TSO, Crypt,
                  | Tomb, Pan, Hells, Abyss, Win
     0 | D:1      | 0 ||| PLANNING D:1-11
     8 | D:1      | 8 ||| Stepping ~*~*~tactically~*~*~ (stealth).
     9 | D:1      | 9 ||| Stepping ~*~*~tactically~*~*~ (stealth).
    15 | D:1      | 15 ||| Stepping ~*~*~tactically~*~*~ (stealth).
    16 | D:1      | 16 ||| Stepping ~*~*~tactically~*~*~ (stealth).
    29 | D:1      | Reached skill level 2 in Axes
    56 | D:1      | Found a faded altar of an unknown god.
   144 | D:1      | 144 ||| Stepping ~*~*~tactically~*~*~ (stealth).
   202 | D:1      | Reached XP level 2. HP: 9/19 MP: 2/2
   345 | D:1      | You fall into a shaft and drop 1 floor!
   346 | D:2      | 346 ||| UPGRADING to +0 helmet.
   351 | D:2      | 351 ||| READING scroll labelled KIHAORCHYPNY.
   393 | D:2      | 393 ||| FLEEEEING.
   401 | D:2      | 401 ||| FLEEEEING.
   403 | D:2      | 403 ||| FLEEEEING.
   405 | D:2      | 405 ||| STAIRDANCE
   654 | D:1      | 654 ||| UPGRADING to +5 ring of evasion.
   847 | D:2      | Reached skill level 3 in Axes
   858 | D:2      | 858 ||| Stepping ~*~*~tactically~*~*~ (stealth).
   924 | D:2      | Reached XP level 3. HP: 23/23 MP: 3/3
  1062 | D:2      | Noticed Jessica
  1070 | D:2      | Killed Jessica
  1303 | D:2      | Found a runed translucent door.
  1304 | D:2      | Noticed Crazy Yiuf
  1307 | D:2      | 1307 ||| READING scroll labelled QYNISUVELU.
  1308 | D:2      | 1308 ||| READING scroll labelled DOETE BUGU.
  1309 | D:2      | 1309 ||| READING scroll labelled YSHRUO QAHA.
  1309 | D:2      | Identified a scroll of acquirement
  1309 | D:2      | 1309 ||| ACQUIRING +4 chain mail of the Crypt {rF+}
  1309 | D:2      | Acquired the +4 chain mail of the Crypt {rF+}
  1311 | D:2      | 1311 ||| DROPPING +2 robe of fire resistance.
  1312 | D:2      | 1312 ||| UPGRADING to +4 chain mail of the Crypt {rF+}.
  1322 | D:2      | 1322 ||| DROPPING +0 scale mail.
  1323 | D:2      | 1323 ||| DRINKING 2 puce potions.
  1324 | D:2      | 1324 ||| DRINKING 2 pink potions.
  1325 | D:2      | 1325 ||| DROPPING potion of degeneration.
  1363 | D:3      | 1363 ||| STAIRDANCE
  1367 | D:2      | Reached XP level 4. HP: 26/28 MP: 4/4
  1427 | D:3      | 1427 ||| STAIRDANCE
  1501 | D:3      | Found a snail-covered altar of Cheibriados.
  1511 | D:3      | Reached skill level 4 in Axes
  1536 | D:3      | 1536 ||| FLEEEEING.
  1537 | D:3      | 1537 ||| FLEEEEING.
  1538 | D:3      | 1538 ||| FLEEEEING.
  1539 | D:3      | 1539 ||| FLEEEEING.
  1540 | D:3      | 1540 ||| FLEEEEING.
  1541 | D:3      | 1541 ||| FLEEEEING.
  1572 | D:3      | Reached XP level 5. HP: 17/32 MP: 5/5
  1782 | D:3      | Reached skill level 1 in Throwing
  2137 | D:3      | 2137 ||| UPGRADING to amulet of reflection.
  2142 | D:3      | 2142 ||| READING scroll labelled JIRIESSEDU.
  2143 | D:3      | 2143 ||| READING scroll labelled BOSTRE YLONG.
  2166 | D:3      | 2166 ||| DRINKING 4 cyan potions.
  2179 | D:4      | Noticed a kobold brigand
  2189 | D:4      | Reached skill level 5 in Axes
  2196 | D:4      | Killed a kobold brigand
  2197 | D:4      | Reached XP level 6. HP: 31/39 MP: 6/6
  2236 | D:4      | 2236 ||| DROPPING +0 mace.
  2272 | D:4      | 2272 ||| Stepping ~*~*~tactically~*~*~ (hiding).
  2757 | D:4      | Identified the +0 pair of boots "Duxzeh Mian" {Str+3}
  3020 | D:4      | Reached XP level 7. HP: 40/44 MP: 7/7
  3021 | D:4      | 3021 ||| DRINKING 4 potions of curing.
  3021 | D:4      | 3021 ||| (to cure confusion)
  3028 | D:4      | Reached skill level 6 in Axes
  3110 | D:4      | 3110 ||| DROPPING orb of wrath.
  3111 | D:4      | 3111 ||| UPGRADING to +0 pair of boots "Duxzeh Mian"
                  | {Str+3}.
  3116 | D:4      | 3116 ||| READING scroll labelled DUSIUN DIUQEIM.
  3117 | D:4      | 3117 ||| READING scroll labelled FASCHE QEURAA.
  3118 | D:4      | 3118 ||| READING scroll labelled HETHEOLETA.
  3164 | D:5      | Entered Level 5 of the Dungeon
  3167 | D:5      | 3167 ||| Stepping ~*~*~tactically~*~*~ (hiding).
  3185 | D:5      | Reached skill level 1 in Dodging
  3284 | D:5      | Identified the +3 long sword "Puedea" {antimagic, rF- Str+6
                  | SInv}
  3286 | D:5      | 3286 ||| Stepping ~*~*~tactically~*~*~ (stealth).
  3303 | D:5      | Found a staircase to the Ecumenical Temple.
  3305 | D:5      | 3305 ||| PLANNING TEMPLE
  3310 | Temple   | Entered the Ecumenical Temple
  3341 | Temple   | 3341 ||| PLANNING OKAWARU WORSHIP
  3493 | Temple   | Became a worshipper of Warmaster Okawaru
  3493 | Temple   | 3493 ||| PLANNING D:1-11
  3675 | D:5      | 3675 ||| Stepping ~*~*~tactically~*~*~ (hiding).
  3677 | D:5      | 3677 ||| Stepping ~*~*~tactically~*~*~ (hiding).
  3679 | D:5      | 3679 ||| Stepping ~*~*~tactically~*~*~ (hiding).
  3690 | D:5      | Reached skill level 7 in Axes
  3721 | D:5      | Reached * piety under Okawaru
  3722 | D:5      | Reached XP level 8. HP: 50/50 MP: 8/8
  3799 | D:5      | 3799 ||| Stepping ~*~*~tactically~*~*~ (hiding).
  3803 | D:5      | 3803 ||| INVOKING Heroism.
  3804 | D:5      | 3804 ||| INVOKING Heroism.
  3810 | D:5      | Reached skill level 1 in Invocations
  3869 | D:5      | Reached skill level 3 in Invocations
  3894 | D:5      | 3894 ||| DROPPING +0 flail.
  3947 | D:5      | 3947 ||| INVOKING Heroism.
  4007 | D:5      | Noticed Pikel
  4008 | D:5      | 4008 ||| Stepping ~*~*~tactically~*~*~ (stealth).
  4009 | D:5      | 4009 ||| Stepping ~*~*~tactically~*~*~ (stealth).
  4013 | D:5      | 4013 ||| Stepping ~*~*~tactically~*~*~ (stealth).
  4032 | D:5      | 4032 ||| Stepping ~*~*~tactically~*~*~ (hiding).
  4033 | D:5      | 4033 ||| Stepping ~*~*~tactically~*~*~ (hiding).
  4038 | D:5      | 4038 ||| INVOKING Heroism.
  4045 | D:5      | Killed Pikel
  4045 | D:5      | Reached ** piety under Okawaru
  4046 | D:5      | Reached skill level 8 in Axes
  4046 | D:5      | Reached XP level 9. HP: 54/54 MP: 8/13
  4234 | D:5      | Found a hazy altar of Hepliaklqana.
  4234 | D:5      | Found a hide-covered altar of Uskayaw.
  4235 | D:5      | Found a sacrificial altar of Ru.
  4428 | D:5      | Found Rucwek's Assorted Antiques.
  4434 | D:5      | 4434 ||| BUYING 2 scrolls labelled YFEJESK CAOWNU (58
                  | gold).
  4434 | D:5      | Bought 2 scrolls labelled YFEJESK CAOWNU for 58 gold pieces
  4434 | D:5      | 4434 ||| BUYING potion of curing (87 gold).
  4434 | D:5      | Bought a potion of curing for 87 gold pieces
  4442 | D:5      | 4442 ||| UPGRADING to ring of protection from cold.
  4443 | D:5      | 4443 ||| READING scroll labelled IBIKLA YZXAEQ.
  4444 | D:5      | 4444 ||| READING 2 scrolls labelled YFEJESK CAOWNU.
  4445 | D:5      | 4445 ||| DRINKING 3 glowing silvery potions.
  4446 | D:5      | 4446 ||| DRINKING 2 glowing puce potions.
  4447 | D:5      | 4447 ||| DROPPING scroll of amnesia.
  4468 | D:6      | Noticed Prince Ribbit
  4469 | D:6      | 4469 ||| INVOKING Heroism.
  4483 | D:6      | Killed Prince Ribbit
  4741 | D:6      | Noticed Sigmund
  4742 | D:6      | 4742 ||| Stepping ~*~*~tactically~*~*~ (hiding).
  4748 | D:6      | 4748 ||| INVOKING Heroism.
  4755 | D:6      | Killed Sigmund
  4756 | D:6      | Reached skill level 6 in Fighting
  4860 | D:6      | 4860 ||| Stepping ~*~*~tactically~*~*~ (stealth).
  4862 | D:6      | 4862 ||| Stepping ~*~*~tactically~*~*~ (stealth).
  5130 | D:6      | 5130 ||| DRINKING 3 coppery potions.
  5131 | D:6      | 5131 ||| DRINKING 2 fizzy dark potions.
  5132 | D:6      | 5132 ||| DROPPING potion of flight.
  5222 | D:7      | 5222 ||| INVOKING Heroism.
  5233 | D:7      | Reached skill level 9 in Axes
  5310 | D:7      | 5310 ||| DROPPING amulet of guardian spirit.
  5361 | D:7      | 5361 ||| Stepping ~*~*~tactically~*~*~ (hiding).
  5362 | D:7      | 5362 ||| Stepping ~*~*~tactically~*~*~ (hiding).
  5368 | D:7      | 5368 ||| READING scroll labelled NOIGAD GUDWIL.
  5373 | D:7      | 5373 ||| INVOKING Heroism.
  5415 | D:7      | 5415 ||| INVOKING Heroism.
  5496 | D:7      | Found a runed translucent door.
  5499 | D:7      | Noticed qw's ghost (novice GrFi)
  5499 | D:7      | Noticed a kobold demonologist
  5692 | D:7      | 5692 ||| READING 2 scrolls of identify.
  5692 | D:7      | 5692 ||| IDENTIFYING emerald potion
  5705 | D:8      | 5705 ||| INVOKING Heroism.
  5723 | D:8      | 5723 ||| INVOKING Heroism.
  5735 | D:8      | Reached XP level 10. HP: 58/63 MP: 12/14
  5895 | D:8      | Reached skill level 10 in Axes
  5900 | D:8      | Reached *** piety under Okawaru
  6111 | D:8      | Identified the +0 leather armour of Lyukafat {Str+3 Int+3}
  6135 | D:8      | Found a glowing golden altar of the Shining One.
  6136 | D:8      | 6136 ||| Stepping ~*~*~tactically~*~*~ (hiding).
  6137 | D:8      | 6137 ||| Stepping ~*~*~tactically~*~*~ (stealth).
  6138 | D:8      | 6138 ||| Stepping ~*~*~tactically~*~*~ (hiding).
  6139 | D:8      | 6139 ||| INVOKING Heroism.
  6213 | D:8      | 6213 ||| INVOKING Heroism.
  6366 | D:8      | 6366 ||| Stepping ~*~*~tactically~*~*~ (hiding).
  6475 | D:8      | 6475 ||| INVOKING Heroism.
  6644 | D:8      | 6644 ||| UPGRADING to +0 cloak.
  6656 | D:8      | 6656 ||| READING scroll labelled PIF YQUROINELI.
  6657 | D:8      | 6657 ||| READING 2 scrolls of identify.
  6657 | D:8      | 6657 ||| IDENTIFYING gluggy clear potion
  6658 | D:8      | 6658 ||| DROPPING potion of berserk rage.
  6741 | D:9      | 6741 ||| Stepping ~*~*~tactically~*~*~ (stealth).
  6743 | D:9      | 6743 ||| Stepping ~*~*~tactically~*~*~ (stealth).
  6750 | D:9      | 6750 ||| FLEEEEING.
  6757 | D:9      | Reached skill level 6 in Armour
  6866 | D:9      | 6866 ||| INVOKING Heroism.
  6880 | D:9      | Reached **** piety under Okawaru
  7010 | D:9      | 7010 ||| Stepping ~*~*~tactically~*~*~ (stealth).
  7052 | D:9      | 7052 ||| Stepping ~*~*~tactically~*~*~ (hiding).
  7053 | D:9      | 7053 ||| Stepping ~*~*~tactically~*~*~ (hiding).
  7054 | D:9      | 7054 ||| Stepping ~*~*~tactically~*~*~ (hiding).
  7087 | D:9      | 7087 ||| Stepping ~*~*~tactically~*~*~ (stealth).
  7089 | D:9      | 7089 ||| Stepping ~*~*~tactically~*~*~ (stealth).
  7092 | D:9      | 7092 ||| INVOKING Heroism.
  7124 | D:9      | 7124 ||| Stepping ~*~*~tactically~*~*~ (stealth).
  7125 | D:9      | 7125 ||| Stepping ~*~*~tactically~*~*~ (stealth).
  7133 | D:9      | Reached skill level 11 in Axes
  7184 | D:9      | Reached skill level 6 in Invocations
  7187 | D:9      | Reached XP level 11. HP: 59/68 MP: 15/15
  7265 | D:9      | 7265 ||| INVOKING Heroism.
  7447 | D:9      | Found a staircase to the Orcish Mines.
  7531 | D:9      | Noticed a manticore
  7532 | D:9      | 7532 ||| Stepping ~*~*~tactically~*~*~ (hiding).
  7533 | D:9      | 7533 ||| INVOKING Heroism.
  7541 | D:9      | Killed a manticore
  7541 | D:9      | Received a gift from Okawaru
  7588 | D:9      | 7588 ||| Stepping ~*~*~tactically~*~*~ (hiding).
  7601 | D:9      | 7601 ||| Stepping ~*~*~tactically~*~*~ (stealth).
  7603 | D:9      | 7603 ||| Stepping ~*~*~tactically~*~*~ (hiding).
  7709 | D:9      | 7709 ||| DROPPING scarf of invisibility.
  7710 | D:9      | 7710 ||| READING scroll labelled GEECRU MEL.
  7721 | D:10     | Entered Level 10 of the Dungeon
  7753 | D:10     | Noticed a sun demon
  7795 | D:10     | 7795 ||| Stepping ~*~*~tactically~*~*~ (hiding).
  7840 | D:10     | 7840 ||| INVOKING Heroism.
  7849 | D:10     | Reached skill level 3 in Throwing
  7902 | D:10     | 7902 ||| INVOKING Heroism.
  8002 | D:10     | 8002 ||| Stepping ~*~*~tactically~*~*~ (hiding).
  8005 | D:10     | 8005 ||| Stepping ~*~*~tactically~*~*~ (hiding).
  8018 | D:10     | 8018 ||| INVOKING Heroism.
  8202 | D:10     | Reached skill level 9 in Fighting
  8288 | D:10     | Received a gift from Okawaru
  8421 | D:10     | Found a glowing silver altar of Zin.
  8449 | D:10     | 8449 ||| Stepping ~*~*~tactically~*~*~ (hiding).
  8559 | D:10     | Noticed a sixfirhy
  8662 | D:10     | 8662 ||| INVOKING Heroism.
  8666 | D:10     | Received a gift from Okawaru
  8836 | D:10     | Found a staircase to the Lair.
  8846 | D:10     | 8846 ||| INVOKING Heroism.
  8950 | D:10     | 8950 ||| PLANNING LAIR
  8950 | D:10     | 8950 ||| UPGRADING to +0 kite shield.
  8960 | D:10     | 8960 ||| DROPPING +0 buckler.
  8961 | D:10     | 8961 ||| DRINKING 2 viscous yellow potions.
  8988 | D:10     | 8988 ||| READING 3 scrolls of identify.
  8988 | D:10     | 8988 ||| IDENTIFYING viscous brown potion
  8989 | D:10     | 8989 ||| READING 2 scrolls of identify.
  8989 | D:10     | 8989 ||| IDENTIFYING glowing grey potion
  9051 | Lair:1   | Entered Level 1 of the Lair of Beasts
  9057 | Lair:1   | 9057 ||| Stepping ~*~*~tactically~*~*~ (water).
  9109 | Lair:1   | 9109 ||| Stepping ~*~*~tactically~*~*~ (stealth).
  9119 | Lair:1   | Reached skill level 9 in Invocations
  9126 | Lair:1   | Reached ***** piety under Okawaru
  9133 | Lair:1   | Reached skill level 6 in Shields
  9133 | Lair:1   | Received a gift from Okawaru
  9165 | Lair:1   | 9165 ||| Stepping ~*~*~tactically~*~*~ (stealth).
  9167 | Lair:1   | 9167 ||| Stepping ~*~*~tactically~*~*~ (stealth).
  9168 | Lair:1   | 9168 ||| INVOKING Heroism.
  9182 | Lair:1   | Received a gift from Okawaru
  9220 | Lair:1   | Reached XP level 12. HP: 76/76 MP: 19/19
  9294 | Lair:1   | Identified the +1 sling of Hekhit {heavy, rN+ Will+ Int-2
                  | Stlth+}
  9810 | Lair:1   | 9810 ||| READING scroll labelled ZAR DOLLEK.
  9862 | Lair:2   | 9862 ||| INVOKING Heroism.
  9864 | Lair:2   | Reached skill level 9 in Shields
 10270 | Lair:2   | Received a gift from Okawaru
 10363 | Lair:2   | Found a staircase to the Shoals.
 10505 | Lair:2   | 10505 ||| DROPPING ring of wizardry.
 10506 | Lair:2   | 10506 ||| READING 2 scrolls labelled DIUD ARIURIF.
 10507 | Lair:2   | 10507 ||| READING scroll of enchant weapon.
 10507 | Lair:2   | 10507 ||| ENCHANTING +1 war axe of electrocution.
 10574 | Lair:3   | 10574 ||| Stepping ~*~*~tactically~*~*~ (hiding).
 10575 | Lair:3   | 10575 ||| Stepping ~*~*~tactically~*~*~ (hiding).
 10576 | Lair:3   | 10576 ||| Stepping ~*~*~tactically~*~*~ (hiding).
 10578 | Lair:3   | 10578 ||| Stepping ~*~*~tactically~*~*~ (hiding).
 10581 | Lair:3   | 10581 ||| Stepping ~*~*~tactically~*~*~ (hiding).
 10610 | Lair:3   | Found a staircase to the Snake Pit.
 10715 | Lair:3   | Received a gift from Okawaru
 10799 | Lair:3   | 10799 ||| Stepping ~*~*~tactically~*~*~ (stealth).
 10820 | Lair:3   | Noticed Rupert
 10821 | Lair:3   | 10821 ||| INVOKING Heroism.
 10822 | Lair:3   | 10822 ||| INVOKING Finesse.
 10824 | Lair:3   | Received a gift from Okawaru
 10837 | Lair:3   | Reached skill level 12 in Axes
 10848 | Lair:3   | HP: 7/76 [Rupert/+0 great mace of holy wrath (23)]
 10849 | Lair:3   | 10849 ||| READING scroll of teleportation.
 10849 | Lair:3   | Annihilated by Rupert

Levels and vault maps discovered:
D:1:      shiori_arrival_maze, layout_rooms,
          shapermc_ecumenical_altar_notcrosses
D:2:      layout_basic, serial_aquarium, aquarium_bridge_square
          [aquarium_subvault_wall, aquarium_subvault_wall,
          aquarium_subvault_window, aquarium_subvault_bridge],
          aquarium_window_fake, aquarium_window_fake, aquarium_window_double,
          aquarium_view_2b, aquarium_balcony_3b, uniq_jessica,
          uniq_crazy_yiuf_cottage
D:3:      layout_basic, slow_altar_1, grunt_decor_one_mirror, grunt_ministairs_9
D:4:      corexii_shack_village, layout_loops_ring
D:5:      minmay_polygon_palace, layout_loops_ring, grunt_temple_overflow_open,
          minmay_temple_entry_grid, serial_shops, shop, uniq_pikel
D:6:      layout_basic, uniq_sigmund, uniq_prince_ribbit1
D:7:      layout_rooms, fedhas_ov_isle_minmay, ebering_ghost_inner_flame,
          hangedman_abyss_or_decor_slice
D:8:      minmay_weird_star, layout_loops_ring, mainiacjoe_overflow_alcove_1,
          nicolae_grassy_gnolls
D:9:      layout_stronghold, erik_orc_4
D:10:     layout_irregular_city, zin_statuary, david_lair_shrubbed,
          nicolae_titane
Temple:   bh_familiar_temple
Lair:1:   layout_misc_corridors, serial_bayou_shore_a, grunt_megastairs_3,
          serial_bayou_shore_b, infiniplex_staircase_pool_2
Lair:2:   layout_cave_shapes, minmay_shoals_entry_hut,
          chequers_serial_rivers_micro_c, chequers_serial_rivers_small_a
Lair:3:   layout_hall_layers, guppyfry_snake_entry_island,
          grunt_forest_large_clearings, uniq_rupert

Skill      XL: |  1  2  3  4  5  6  7  8  9 10 11 12 |
---------------+-------------------------------------+-----
Axes           | 2 3 4 5 7 8 9 11 12 | 12.0
Throwing       | 1 2 4 |  4.0
Fighting       | 4 5 7 8 9 |  9.0
Dodging        | 1 2 |  2.0
Invocations    | 5 6 9 10 | 10.0
Armour         | 5 6 7 |  7.0
Shields        | 4 5 6 10 | 10.2

Action                     |  1- 3 |  4- 6 |  7- 9 | 10-12 || total
---------------------------+-------+-------+-------+-------++-------
  Melee: War axe           |    80 |   166 |   268 |   503 ||  1017
  Throw: Javelin           |       |    25 |    26 |    39 ||    90
         Boomerang         |       |       |       |    14 ||    14
 Invoke: Heroism           |       |       |    10 |    15 ||    25
         Finesse           |       |       |       |     1 ||     1
    Use: Scroll            |     4 |     2 |     7 |     9 ||    22
         Potion            |     2 |     1 |     5 |     1 ||     9
 Armour: Scale mail        |    26 |       |       |       ||    26
         Chain mail        |    10 |    86 |    85 |   202 ||   383
  Dodge: Dodged            |    36 |    97 |   120 |   238 ||   491
  Block: Buckler           |    14 |    65 |   102 |   126 ||   307
         Reflection        |       |       |     3 |    11 ||    14
         Kite shield       |       |       |       |   200 ||   200

Table legend:
 A = Non-vault XP
 B = Vault XP
 C = Vault XP percentage of total XP
 D = Non-vault monster count
 E = Vault monster count
 F = Vault count percentage of total count
                 A         B        C        D         E       F
            +---------+---------+-------+---------+---------+-------
      Total |   22207 |    7677 |  25.7 |     247 |      90 |  26.7
            +---------+---------+-------+---------+---------+-------
        D:1 |      13 |       3 |  18.8 |       8 |       2 |  20.0
        D:2 |      23 |      55 |  70.5 |      11 |       3 |  21.4
        D:3 |      86 |      39 |  31.2 |      14 |       1 |   6.7
        D:4 |     417 |      22 |   5.0 |      33 |      11 |  25.0
        D:5 |     455 |    1500 |  76.7 |      19 |      18 |  48.6
        D:6 |     278 |     469 |  62.8 |      10 |       2 |  16.7
        D:7 |     887 |       0 |   0.0 |      17 |       0 |   0.0
        D:8 |    1655 |     146 |   8.1 |      38 |       5 |  11.6
        D:9 |    3873 |     779 |  16.7 |      26 |      17 |  39.5
       D:10 |    3606 |     367 |   9.2 |      24 |       1 |   4.0
     Lair:1 |    5824 |     427 |   6.8 |      25 |       1 |   3.8
     Lair:2 |    2553 |     259 |   9.2 |      11 |       1 |   8.3
     Lair:3 |    2537 |    3611 |  58.7 |      11 |      28 |  71.8
            +---------+---------+-------+---------+---------+-------
